 Dungeon Crawl Stone Soup version 0.22-a0-166-g5351223 (webtiles) character file.

2624 Azzok the Fighter (level 9, -1/81 HPs)
             Began as a Formicid Fighter on Feb 13, 2018.
             Was a Believer of Okawaru.
             Collided with a rock wall (8 damage)
             ... caused by a deep elf mage
             ... on level 7 of the Dungeon.
             The game lasted 00:13:47 (7299 turns).

Azzok the Fighter (Formicid Fighter)                Turns: 7299, Time: 00:13:48

Health: -1/81      AC: 10    Str: 21    XL:     9   Next: 91%
Magic:  9/9        EV:  5    Int: 12    God:    Okawaru [**....]
Gold:   373        SH: 16    Dex: 11    Spells: 8/8 levels left

rFire    . . .     SeeInvis +   a - +0 quarterstaff
rCold    . . .     Gourm    +   t - +0 large shield
rNeg     . . .     Faith    .   h - +0 chain mail
rPois    .         Spirit   .   (helmet unavailable)
rElec    .         Reflect  .   (no cloak)
rCorr    .         Harm     .   (no gloves)
MR       .....                  (no boots)
Stlth    ..........             F - amulet of the gourmand
HPRegen  0.23/turn              u - +3 ring of slaying
MPRegen  0.11/turn              A - +2 ring of intelligence

@: no status effects
A: permanent stasis, dig shafts and tunnels, four strong arms, antennae 3
a: Dig, Shaft Self, Heroism, Renounce Religion


You were on level 7 of the Dungeon.
You worshipped Okawaru.
Okawaru was pleased with you.
You were very full.

You visited 2 branches of the dungeon, and saw 8 of its levels.
You also visited: Sewer.

You collected 466 gold pieces.
You spent 93 gold pieces at shops.

Inventory:

Hand Weapons
 a - a +0 quarterstaff (weapon)
 o - a +1 dagger of venom
Missiles
 k - 104 bolts
Armour
 h - a +0 chain mail (worn)
 t - a +0 large shield (worn)
Magical Staves
 p - an uncursed staff of wizardry
Jewellery
 u - a +3 ring of slaying (left hand)
 A - a +2 ring of intelligence (right hand)
 F - an amulet of the gourmand (around neck)
Wands
 G - a wand of paralysis (17)
Scrolls
 e - 2 scrolls of amnesia {unknown}
 j - a scroll of noise {unknown}
 l - 7 scrolls of identify
 n - 6 scrolls of teleportation {unknown}
 q - a scroll of magic mapping {unknown}
 r - 2 scrolls of enchant weapon {unknown}
 B - 3 scrolls of remove curse
 D - a scroll of immolation {unknown}
 E - a scroll of enchant armour {unknown}
Potions
 c - a potion of mutation {unknown}
 d - 3 potions of might
 g - a potion of lignification {unknown}
 i - a potion of haste {unknown}
 m - 4 potions of curing
 s - 2 potions of magic {unknown}
 v - 2 potions of brilliance {unknown}
 w - 4 potions of heal wounds {unknown}
 x - a potion of invisibility {unknown}
 z - 2 potions of flight {unknown}
 C - a potion of berserk rage {unknown}
Comestibles
 f - 18 rations


   Skills:
 + Level 11.0 Fighting
 + Level 4.6 Staves
 + Level 6.4 Armour
 + Level 7.1 Shields


You had 8 spell levels left.
You didn't know any spells.

Dungeon Overview and Level Annotations

Branches:
Dungeon (7/15)             Temple (1/1) D:5

Altars:
Cheibriados
Dithmenos
Fedhas
Gozag
Hepliaklqana
Kikubaaqudgha
Makhleb
Nemelex Xobeh
Okawaru
Qazlal
Ru
Sif Muna
Trog
Uskayaw
Vehumet
Xom
Zin
The Shining One

Shops:
D:4 }   D:6 !   D:7 *?*[


Innate Abilities, Weirdness & Mutations

You cannot be hasted, slowed, berserked, paralysed or teleported.
You can dig through walls and to a lower floor.
Your four strong arms can wield two-handed weapons with a shield.
You have a pair of large antennae on your head. (SInv)


Message History

You closely miss the deep elf mage.
The deep elf mage is lightly wounded.
The deep elf mage barely misses you.
You completely miss the deep elf mage.
The deep elf mage is lightly wounded.
The deep elf mage hits you but does no damage.
You hit the deep elf mage.
The deep elf mage is moderately wounded.
The deep elf mage points at you and mumbles some strange words.
The orb of energy hits you!
The orb of energy explodes!
The battlesphere fires!
The barrage of energy hits you!
You hear a deafening roar!
Your shield and chain mail prevent you from hitting the deep elf mage.
The deep elf mage is moderately wounded.
The deep elf mage casts a spell at you. The lance of force hits you!
* * * LOW HITPOINT WARNING * * *
You are knocked back by the lance of force.
You slam into the rock wall!
You die...

·▒▒▒▒▒▒ ▒·▒▒···
······▒ ▒·▒▒··
·▒▒▒▒·▒ ▒·▒▒·▒ ▒▒▒
·▒ ▒·▒ ▒·▒▒(▒ ··▒▒
·▒ ▒▒·▒▒▒▒·▒▒·▒▒▒▒
···▒ ·▒
▒·········)▒▒·▒
···▒
·▒▒▒··▒··········▒
···▒
······▒·▒▒▒▒▒▒▒▒·▒
··▒ ▒▒▒▒▒·▒·▒
▒@▒▒▒'▒▒▒
······▒·▒
▒·······▒
▒▒▒▒▒▒▒·▒
▒··e····▒ ▒▒▒▒ ▒·▒
▒····8··'·e*
···▒▒▒▒·▒▒▒
▒····*··▒···
▒▒·▒▒8·8·8▒
▒·······▒ ··
▒·▒▒·⌠·⌠·▒
▒▒▒▒▒'▒▒▒ ▒
▒·▒▒8·∩·8▒ ··
▒·▒▒·⌠·⌠·▒ ·D·


You could see a deep elf mage and a battlesphere.

Vanquished Creatures
  A hippogriff (D:7)
  2 sky beasts
  An orc warrior (D:6)
  2 phantoms
  2 ogres
  3 centaurs
  2 big kobolds
  3 bullfrogs (D:7)
  A scorpion (D:4)
  4 killer bees (D:7)
  A howler monkey (D:5)
  3 crimson imps
  2 bullfrog zombies
  A hound (D:7)
  2 orc priests
  2 gnoll shamans
  Jessica (D:2)
  3 iguanas
  6 orc wizards
  3 worker ants
  A worker ant zombie (D:6)
  7 adders
  8 gnolls
  2 river rats (Sewer)
  4 oozes
  An adder skeleton (D:5)
  2 adder zombies
  6 worms
  2 dart slugs (D:2)
  3 leopard geckos
  23 orcs
  10 giant cockroaches
  11 goblins
  9 hobgoblins
  9 jackals
  3 quokkas
  2 ball pythons (D:2)
  8 bats
  3 frilled lizards
  14 kobolds
  11 rats
184 creatures vanquished.

Notes
Turn   | Place    | Note
-------+----------+-------------------------------------------
     0 | D:1      | Azzok the Formicid Fighter began the quest for the Orb.
     0 | D:1      | Reached XP level 1. HP: 18/18 MP: 1/1
   105 | D:1      | Reached XP level 2. HP: 25/25 MP: 2/2
   253 | D:1      | Reached skill level 4 in Fighting
   682 | D:2      | Reached XP level 3. HP: 31/31 MP: 3/3
  1038 | D:2      | Reached skill level 5 in Fighting
  1061 | D:2      | Reached XP level 4. HP: 39/39 MP: 4/4
  1185 | D:2      | Noticed Jessica
  1198 | D:2      | Killed Jessica
  1581 | D:2      | Reached XP level 5. HP: 44/46 MP: 5/5
  1667 | D:3      | Reached skill level 6 in Fighting
  1886 | D:3      | Noticed a sky beast
  1900 | D:3      | Killed a sky beast
  1900 | D:3      | Reached skill level 7 in Fighting
  1900 | D:3      | Reached XP level 6. HP: 45/55 MP: 6/6
  2159 | D:3      | Found a glowing drain.
  2170 | Sewer    | Entered a sewer
  2282 | Sewer    | Found a white marble altar of Elyvilon.
  2471 | D:3      | Reached skill level 8 in Fighting
  2818 | D:4      | Reached XP level 7. HP: 62/62 MP: 7/7
  2890 | D:4      | Found Giodar's Gadget Boutique.
  2920 | D:4      | Found an opulent altar of Gozag.
  2920 | D:4      | Found a sparkling altar of Nemelex Xobeh.
  3206 | D:4      | Found a shadowy altar of Dithmenos.
  3241 | D:4      | Reached skill level 9 in Fighting
  3307 | D:4      | Reached XP level 8. HP: 44/72 MP: 8/8
  3575 | D:5      | Entered Level 5 of the Dungeon
  3773 | D:5      | Found a staircase to the Ecumenical Temple.
  3809 | Temple   | Entered the Ecumenical Temple
  3838 | Temple   | Became a worshipper of Warmaster Okawaru
  4189 | D:5      | Reached skill level 10 in Fighting
  4214 | D:5      | HP: 3/72 [poisoned by an orc wizard]
  4219 | D:5      | HP: 2/72 [poisoned by an orc wizard]
  4574 | D:5      | Found a sacrificial altar of Ru.
  4779 | D:6      | Found a stormy altar of Qazlal.
  4786 | D:6      | Reached skill level 5 in Shields
  5120 | D:6      | Found Awipt's Distillery.
  5125 | D:6      | Bought a potion of degeneration for 13 gold pieces
  5579 | D:6      | Reached XP level 9. HP: 78/78 MP: 9/9
  5693 | D:6      | Reached * piety under Okawaru
  5693 | D:6      | Reached skill level 5 in Armour
  6290 | D:7      | Found Uroh Kem's Assorted Antiques.
  6301 | D:7      | Noticed a hippogriff
  6330 | D:7      | Killed a hippogriff
  6657 | D:7      | Found Sazxedu's Assorted Antiques.
  6699 | D:7      | Found a glowing golden altar of the Shining One.
  6709 | D:7      | Found a blossoming altar of Fedhas.
  6848 | D:7      | Found Jityir's Magic Scroll Shoppe.
  6856 | D:7      | Bought a scroll of remove curse for 48 gold pieces
  6856 | D:7      | Bought a scroll of identify for 32 gold pieces
  6925 | D:7      | Found Polir's Antique Armour Boutique.
  6966 | D:7      | Reached ** piety under Okawaru
  7278 | D:7      | Noticed a deep elf mage
  7286 | D:7      | Reached skill level 11 in Fighting
  7299 | D:7      | Collided with a rock wall

Vault maps used:
D:1:      elethiomel_arrival_shortcut
D:2:      first_ration, kennysheep_generic_room_11, uniq_jessica
D:3:      gup_sewer_entry_bubbles
D:4:      grunt_temple_overflow_opulence, serial_shops, shop,
          nicolae_dithmenos_shadow_blocks
D:5:      nicolae_overflow_crystal_walls
D:6:      lemuel_round_altar, serial_shops,
          nicolae_shop_competitors_out_of_business
D:7:      grunt_temple_overflow_holy_war, overflow_temple_1_default,
          serial_shops, shop, shop, nicolae_shop_temple_entry_statues_fountains,
          shop, grunt_ogre_cave, minmay_three_doors
Temple:   minmay_temple_bridge_abc
Sewer:    sewer_kobolds

Skill      XL: |  1  2  3  4  5  6  7  8  9 |
---------------+----------------------------+-----
Fighting       | 4 5 7 8 9 10 11 | 11.0
Shields        | 5 7 |  7.1
Armour         | 4 6 |  6.4
Staves         | 4 |  4.6

Action                   |  1- 3 |  4- 6 |  7- 9 || total
-------------------------+-------+-------+-------++-------
Melee: Quarterstaff      |    90 |   152 |   439 ||   681
Invok: Heroism           |       |       |     1 ||     1
  Use: Potion            |       |       |     3 ||     3
       Scroll            |       |       |     1 ||     1
  Eat: Chunk             |       |     7 |    34 ||    41
Armor: Scale mail        |    39 |    41 |    39 ||   119
       Chain mail        |       |       |   116 ||   116
Dodge: Dodged            |    34 |    26 |    61 ||   121
Block: Shield            |    41 |     2 |       ||    43
       Large shield      |       |   113 |   378 ||   491

Table legend:
 A = Spawn XP
 B = Non-spawn XP
 C = Spawn XP percentage of total XP
 D = Spawn monster count
 E = Non-spawn monster count
 F = Spawn count percentage of total count
 G = Total turns spent on level
                    A         B        C        D         E        F      G
               +---------+---------+-------+---------+---------+-------+---------
         Total |       0 |    3749 |   0.0 |       0 |     184 |   0.0 |  7299
               +---------+---------+-------+---------+---------+-------+---------
           D:1 |       0 |      28 |   0.0 |       0 |      16 |   0.0 |   675
           D:2 |       0 |     114 |   0.0 |       0 |      26 |   0.0 |   987
           D:3 |       0 |     236 |   0.0 |       0 |      32 |   0.0 |   956
           D:4 |       0 |     521 |   0.0 |       0 |      18 |   0.0 |   906
           D:5 |       0 |     500 |   0.0 |       0 |      27 |   0.0 |  1044
           D:6 |       0 |     798 |   0.0 |       0 |      25 |   0.0 |  1420
           D:7 |       0 |    1415 |   0.0 |       0 |      30 |   0.0 |  1104
         Sewer |       0 |     137 |   0.0 |       0 |      10 |   0.0 |   157
               +---------+---------+-------+---------+---------+-------+---------
